 Dungeon Crawl Stone Soup version bcrawl-1.27.5 (webtiles) character file.

Game seed: 12238298002786142724

338123 Glundar the Grappler (level 10, -2/92 HPs)
             Began as a Troll Martial Artist on Aug 18, 2020.
             Was an Elder of Wu Jian.
             Killed from afar by Psyche (20 damage)
             ... with a poison arrow
             ... on level 7 of the Dungeon.
             The game lasted 00:32:06 (7282 turns).

Glundar the Grappler (Troll Martial Artist)         Turns: 7282, Time: 00:32:07

Health: -2/92      AC:  8    Str: 25    XL:     10   Next: 26%
Magic:  0/10       EV: 12    Int:  6    God:    Wu Jian [****..]
Gold:   363        SH:  0    Dex: 12    Spells: 10/11 levels left

rFire    . . .     SeeInvis +     - Claws (30.8)
rCold    . . .     Gourm    +   (no shield)
rNeg     . . .     Faith    .   (armour unavailable)
rPois    .         Spirit   +   (helmet restricted)
rElec    .         Reflect  .   y - scarf {Spirit}
rCorr    .         Harm     .   (gloves unavailable)
MR       .....                  (boots unavailable)
Stlth    +++++.....             q - amulet of the gourmand
HPRegen  0.65/turn              n - ring of stealth
MPRegen  0.12/turn              d - ring of see invisible (curse)

@: lethally poisoned (-2 -> -16)
A: large, almost no armour, claws 3, fast metabolism 3, gourmand, regeneration
1, AC +8
a: Wall Jump, Serpent's Lash, Heavenly Storm, Renounce Religion


You were on level 7 of the Dungeon.
You worshipped Wu Jian.
Wu Jian was greatly pleased with you.
You were not hungry.

You visited 2 branches of the dungeon, and saw 9 of its levels.

You collected 561 gold pieces.
You spent 198 gold pieces at shops.

Inventory:

Hand Weapons
 b - a +0 hunting sling
Missiles
 h - 111 poisoned tomahawks (quivered)
 i - 931 sling bullets
Armour
 y - a scarf of spirit shield (worn)
Jewellery
 d - a cursed ring of see invisible (right claw)
 n - a ring of stealth (left claw)
 q - an amulet of the gourmand (around neck)
Wands
 A - a wand of disintegration (13)
Scrolls
 c - 5 scrolls of magic mapping
 f - a scroll of blinking {unknown}
 g - a scroll of amnesia {unknown}
 j - 5 scrolls of teleportation
 k - a scroll of fog {unknown}
 o - a scroll of enchant armour {unknown}
 r - a scroll of vulnerability {unknown}
 s - 2 scrolls of fear
 w - a scroll of remove curse {unknown}
Potions
 a - a potion of agility
 l - a potion of haste
 m - 2 potions of heal wounds
 p - 9 potions of curing
 t - 2 potions of mutation
 u - a potion of magic
 x - a potion of resistance
 z - a potion of might {unknown}
 B - a potion of brilliance {unknown}
 D - a potion of ambrosia
Comestibles
 e - 15 rations {!d}
 v - 9 chunks of flesh


   Skills:
 + Level 3.8 Fighting
 + Level 5.4 Dodging
 + Level 5.0 Stealth
 + Level 11.6 Unarmed Combat
 - Level 1.0 Spellcasting
 - Level 1.0 Hexes


You had 10 spell levels left.
You knew the following spells:

 Your Spells              Type           Power        Failure   Level  Hunger
a - Confusing Touch       Hex            #.......     30%         1    None

Your spell library contained the following spells:

 Spells                   Type           Power        Failure   Level  Hunger
 Apportation              Tloc           #.....       41%         1    None
 Flaming Arrows           Chrm/Fire      #.......     56%         2    ###....
 Bolt of Magma            Conj/Fire/Erth #.........   100%        5    #######
 Bolt of Fire             Conj/Fire      #.........   100%        6    #######
 Steam Barrier            Chrm/Fire      #.........   100%        6    #######


Dungeon Overview and Level Annotations

Branches:
Dungeon (8/12)             Temple (1/1) D:5
   Lair: D:7-9          Orc: D:8-11

Altars:
Ashenzari
Cheibriados
Dithmenos
Elyvilon
Fedhas
Gozag
Hepliaklqana
Kikubaaqudgha
Lugonu
Makhleb
Nemelex Xobeh
Okawaru
Qazlal
Ru
Sif Muna
Trog
Uskayaw
Vehumet
Wu Jian
Xom
Yredelemnul
Zin
The Shining One
Beogh

Shops:
D:8 *

Annotations:
D:3 1 runed door
D:7 Psyche


Innate Abilities, Weirdness & Mutations

You cannot wear most types of armour.
Your thick skin is tough. (AC +8)
You are too large for most types of armour.
You have claws for hands.
Your metabolism is lightning-fast.
You like to eat raw meat.
Your natural rate of healing is unusually fast.


Message History

The iguana bites you but does no damage.
The yak barely misses you.
Psyche gestures wildly while chanting.
Psyche seems to speed up.
The yak gores you!
You claw the yak!
The yak is moderately wounded.
Psyche hits you but does no damage. The iguana barely misses you.
The yak gores you.
The crimson imp blinks!
You scratch the yak.
The yak is heavily wounded.
Psyche points at you and mumbles some strange words.
You are poisoned.
The poison arrow hits you!
* * * LOW HITPOINT WARNING * * *
The yak closely misses you.
Psyche laughs secretively.
Psyche casts a spell at you.
You are more poisoned.
The poison arrow hits you!!
You die...

#...........).#
#..#
#...#####.....#
##.# ##..#
##....# ##.#
#.## #....#
#..# #.# ##...#
##.## #.#
#.5.## ##.##
#.# #....#
###.## ##.##
#lY..###...#
#...#
#@@......(##
##...#
##Y......##
####....##
#......##
##........###
#..ยง.###
#..###......##
#...## .###
###.....#
##..## ##
#...<.###..##
#..#...##.##
######...##


You could see Psyche, 2 yaks, an iguana and a crimson imp.

Vanquished Creatures
  The ghost of Maksi666 the Bolt Thrower, a novice DgHu of Demigod (D:6)
  Joseph (D:8)
  A troll (D:6)
  A slime creature (D:7)
  A hippogriff (D:6)
  A shadow (D:7)
  A wyvern (D:7)
  Grum (D:7)
  2 yaks (D:7)
  A crocodile (D:7)
  A water moccasin (D:6)
  2 ice beasts
  2 sky beasts
  An orc warrior (D:6)
  4 ogres
  2 phantoms
  4 wolves (D:7)
  A centaur (D:5)
  2 bullfrogs
  2 scorpions
  A howler monkey (D:3)
  3 crimson imps
  A centaur zombie (D:6)
  5 hounds
  6 orc priests
  A centaur skeleton (D:6)
  4 iguanas
  Terence (D:3)
  7 orc wizards
  Natasha (D:3)
  3 worker ants (D:4)
  2 hound zombies
  A hound skeleton (D:5)
  A worker ant zombie (D:2)
  A gnoll (D:2)
  5 adders
  2 oozes
  5 adder zombies
  An adder skeleton (D:5)
  2 worms
  2 dart slugs (D:5)
  6 leopard geckos
  21 orcs
  3 bats
  2 giant cockroaches
  5 goblins
  11 hobgoblins
  8 jackals
  6 kobolds
  2 quokkas
  2 ball pythons
  5 frilled lizards
  2 jackal skeletons
  A quokka skeleton (D:4)
  3 rats
  A plant (D:5)
165 creatures vanquished.

Notes
Turn   | Place    | Note
-------+----------+-------------------------------------------
     0 | D:1      | Glundar the Troll Martial Artist began the quest for the
                  | Orb.
     0 | D:1      | Reached XP level 1. HP: 22/22 MP: 1/1
   249 | D:1      | Reached XP level 2. HP: 29/29 MP: 2/2
  1016 | D:2      | Reached XP level 3. HP: 35/36 MP: 3/3
  1307 | D:2      | Reached ** piety under Wu Jian
  1307 | D:2      | Reached skill level 5 in Unarmed Combat
  1382 | D:2      | Gained mutation: Your natural rate of healing is unusually
                  | fast. [Troll growth]
  1382 | D:2      | Reached XP level 4. HP: 39/44 MP: 4/4
  1669 | D:2      | Reached XP level 5. HP: 40/52 MP: 5/5
  1710 | D:3      | Reached skill level 6 in Unarmed Combat
  1846 | D:3      | Reached skill level 1 in Stealth
  1846 | D:3      | Reached XP level 6. HP: 49/61 MP: 6/6
  1971 | D:3      | Found a runed door.
  1972 | D:3      | Found a white marble altar of Elyvilon.
  1972 | D:3      | Noticed an angel
  1973 | D:3      | Noticed Terence
  2010 | D:3      | Killed Terence
  2185 | D:3      | Noticed Natasha
  2191 | D:3      | Killed Natasha
  2294 | D:4      | Noticed a sky beast
  2490 | D:4      | Killed a sky beast
  2490 | D:4      | Reached skill level 7 in Unarmed Combat
  2490 | D:4      | Reached XP level 7. HP: 67/67 MP: 7/7
  2502 | D:4      | Reached *** piety under Wu Jian
  3114 | D:5      | Entered Level 5 of the Dungeon
  3287 | D:5      | Found an iron altar of Okawaru.
  3474 | D:5      | Identified the Tome of Flames and Displacement
  3549 | D:5      | Found a runed translucent gate.
  3549 | D:5      | Found a runed translucent gate.
  3562 | D:5      | Reached skill level 8 in Unarmed Combat
  3572 | D:5      | Found a runed translucent gate.
  3577 | D:5      | Identified the +2 chain mail of Zonuwk {rF+ Dex+3}
  3578 | D:5      | Found a roughly hewn altar of Beogh.
  3580 | D:5      | Noticed Maksi666's ghost (novice DgHu)
  3807 | D:5      | Reached XP level 8. HP: 50/75 MP: 8/8
  3847 | D:5      | Found a white marble altar of Elyvilon.
  3847 | D:5      | Found a hazy altar of Hepliaklqana.
  3849 | D:5      | Found an ornate altar of the Wu Jian Council.
  3949 | D:5      | Found a staircase to the Ecumenical Temple.
  3967 | Temple   | Entered the Ecumenical Temple
  4346 | D:5      | Found an opulent altar of Gozag.
  4353 | D:5      | Found a burning altar of Makhleb.
  4362 | D:5      | Found a glowing golden altar of the Shining One.
  4503 | D:6      | Killed Maksi666's ghost
  4569 | D:5      | Reached skill level 9 in Unarmed Combat
  4796 | D:6      | Reached **** piety under Wu Jian
  5147 | D:6      | Reached XP level 9. HP: 29/83 MP: 3/9
  5826 | D:6      | Reached skill level 10 in Unarmed Combat
  6076 | D:7      | Noticed a troll
  6107 | D:6      | Killed a troll
  6453 | D:7      | Reached skill level 5 in Dodging
  6850 | D:8      | Found Kaniuggu's General Store.
  6850 | D:8      | Noticed Grum
  6861 | D:7      | Reached skill level 11 in Unarmed Combat
  6881 | D:8      | Noticed Joseph
  6885 | D:7      | Reached XP level 10. HP: 53/91 MP: 4/10
  7079 | D:7      | Killed Grum
  7144 | D:8      | Killed Joseph
  7193 | D:8      | Bought a scroll of identify for 24 gold pieces
  7193 | D:8      | Bought a scroll of fear for 60 gold pieces
  7193 | D:8      | Bought a potion of ambrosia for 48 gold pieces
  7193 | D:8      | Bought a scroll of teleportation for 36 gold pieces
  7193 | D:8      | Bought a potion of curing for 30 gold pieces
  7224 | D:8      | Noticed Psyche
  7267 | D:7      | Reached skill level 5 in Stealth
  7282 | D:7      | Killed from afar by Psyche

Skill      XL: |  1  2  3  4  5  6  7  8  9 10 |
---------------+-------------------------------+-----
Unarmed Combat | 5 6 7 8 9 11 | 11.6
Dodging        | 3 4 5 |  5.4
Fighting       | 3 |  3.8
Stealth        | 1 2 3 4 5 |  5.0
Spellcasting   | |  1.0
Hexes          | |  1.0

Action                   |  1- 3 |  4- 6 |  7- 9 | 10-12 || total
-------------------------+-------+-------+-------+-------++-------
Melee: Unarmed           |   102 |    89 |   246 |    36 ||   473
       Punch             |     2 |     1 |    10 |     1 ||    14
 Fire: Hunting sling     |       |       |    10 |       ||    10
Invok: Lunge             |    10 |     2 |    18 |     1 ||    31
       Whirlwind         |    45 |    65 |   106 |    27 ||   243
 Abil: Wall Jump         |       |     1 |       |       ||     1
  Use: Scroll            |     2 |     2 |     6 |     2 ||    12
 Stab: Sleeping          |     1 |     4 |    21 |       ||    26
       Distracted        |       |       |     2 |       ||     2
  Eat: Chunk             |    13 |    11 |    17 |     6 ||    47
       Ration            |       |       |     2 |       ||     2
Armor: Skin              |    28 |    25 |    65 |    18 ||   136
Dodge: Dodged            |    40 |    32 |    97 |    32 ||   201
